 Dungeon Crawl Stone Soup version 0.19-a0-1097-g38e3b35 (webtiles) character file.

6643 Duffy the Destroyer (level 10, 61/61 HPs)
             Began as a Deep Elf Conjurer on Aug 8, 2016.
             Was a Believer of Sif Muna.
             Quit the game on level 10 of the Dungeon.
             The game lasted 00:15:32 (11795 turns).

Duffy the Destroyer (Deep Elf Conjurer)            Turns: 11795, Time: 00:15:32

Health: 61/61      AC:  9    Str:  5    XL:     10   Next: 72%
Magic:  26/26      EV: 19    Int: 24    God:    Sif Muna [**....]
Gold:   516        SH:  0    Dex: 15    Spells: 4 memorised, 17 levels left

rFire  + . .     SeeInvis .     E - +2 short sword (protect)
rCold  . . .     Gourm    .     a - +0 robe
rNeg   . . .     Faith    .     (no shield)
rPois  .         Spirit   .     (no helmet)
rElec  .         Dismiss  .     (no cloak)
rCorr  .         Reflect  .     (no gloves)
SustAt .         Harm     .     F - +1 pair of boots
MR     +....                    (no amulet)
Stlth  +++.......               A - ring of protection from fire
                                D - ring of stealth

@:
A: wild magic 1
a: Divine Energy, Renounce Religion


You were on level 10 of the Dungeon.
You worshipped Sif Muna.
Sif Muna was pleased with you.
You were very hungry.

You visited 2 branches of the dungeon, and saw 11 of its levels.

You collected 516 gold pieces.


Innate Abilities, Weirdness & Mutations

Your spells are a little harder to cast, but a little more powerful.


   Skills:
 + Level 6.5 Fighting
 + Level 9.6 Dodging
 - Level 2.4 Stealth
 - Level 10.2 Spellcasting
 - Level 10.5 Conjurations
 - Level 5.0 Charms


You had 17 spell levels left.
You knew the following spells:

 Your Spells              Type           Power        Failure   Level  Hunger
a - Magic Dart            Conj           ####         1%          1    None
i - Iskenderun's Battles  Conj/Chrm      ######..     12%         5    ####...
j - Iskenderun's Mystic   Conj           ######..     1%          4    #......
s - Searing Ray           Conj           ######       1%          2    None

Inventory:

Hand Weapons
 d - a +0 dagger
 s - a +2 dagger of freezing
 x - a +0 flail of crushing
 E - a +2 short sword of protection (weapon)
 H - a +4 spear of venom
 M - the +1 spear of Cyinoll {drain, rElec Str+3 Int-2} A truly terrible weapon, it drains the life of those it strikes. It affects your strength (+3). It affects your intelligence (-2). It insulates you from electricity.
Armour
 a - a +0 robe (worn)
 F - a +1 pair of boots (worn)
 S - a troll hide
Jewellery
 o - an uncursed ring of protection from cold
 t - an uncursed ring of wizardry
 A - a ring of protection from fire (right hand)
 D - a ring of stealth (left hand)
 J - an uncursed ring of wizardry
Wands
 i - a wand of flame (27/48)
 y - a wand of random effects (16/48)
 C - a wand of lightning (8/15)
 N - a wand of teleportation (2/9)
Scrolls
 h - a scroll of fog
 j - 6 scrolls of teleportation
 k - 3 scrolls of remove curse
 l - 2 scrolls of enchant armour
 B - a scroll of fear
 K - a scroll of recharging
Potions
 e - 11 potions of curing {unknown}
 g - 2 potions of degeneration {unknown}
 n - 6 potions of heal wounds {unknown}
 p - a potion of haste {unknown}
 q - 3 potions of berserk rage {unknown}
 u - 2 potions of might {unknown}
 v - 3 potions of lignification {unknown}
 w - a potion of flight
 G - a potion of cancellation
 I - a potion of resistance
 L - a potion of invisibility
Books
 b - a book of Conjurations
 f - a Necronomicon
 r - an Akashic Record
Comestibles
 c - 7 bread rations
 z - 3 royal jellies
 O - 8 fruits
 P - 3 slices of pizza
 Q - a meat ration
 R - 6 beef jerkies

Dungeon Overview and Level Annotations

Branches:
Dungeon (10/15)            Temple (1/1) D:5
   Lair: D:8-11         Orc: D:9-12

Altars:
Ashenzari
Cheibriados
Dithmenos
Elyvilon
Fedhas
Gozag
Hepliaklqana
Kikubaaqudgha
Makhleb
Nemelex Xobeh
Okawaru
Pakellas
Qazlal
Ru
Sif Muna
Trog
Uskayaw
Vehumet
Xom
Yredelemnul
Zin
The Shining One


Message History

Aim: an ogre, wielding a giant spiked club (almost dead)
The magic dart hits the ogre.
The ogre is almost dead.
Your battlesphere fires!
The barrage of energy hits the ogre.
You kill the ogre!
Sif Muna accepts your kill.
Cast which spell? (? or * to list)
You can't see any susceptible monsters within range! (Use Z to cast anyway.) Cast which spell? (? or * to list)
You can't see any susceptible monsters within range! (Use Z to cast anyway.)
Things that are here:
a giant spiked club; a wand of lightning There isn't anything to butcher here.
Your magical contamination has completely faded away.
Your battlesphere wavers and loses cohesion.
You are feeling very hungry.
A giant frog comes into view.
The giant frog gives a loud, deep croak!
A giant frog is nearby!
Cast which spell? (? or * to list)
Aiming: Iskenderun's Mystic Blast
Press: ? - help, Shift-Dir - straight line, f - giant frog
Aim: a giant frog The orb of energy hits the giant frog.
The giant frog is heavily wounded.
The orb of energy explodes!
You hit the giant frog.
The giant frog is heavily wounded.
The giant frog barely misses you. The giant frog completely misses you.
Cast which spell? (? or * to list)
Aiming: Iskenderun's Mystic Blast
Press: ? - help, Shift-Dir - straight line, f/p - giant frog
Aim: a giant frog (heavily wounded)
The orb of energy hits the giant frog.
You kill the giant frog!
Sif Muna accepts your kill.
The orb of energy explodes!
Done exploring.
Done exploring.
(D) Dungeon (T) Temple
Where to? (* - list waypoints, Enter - D:9, ? - help)
There is a stone staircase leading down here.
You climb downwards.
There is a stone staircase leading up here.
Save game and exit?
Welcome back, Duffy the Deep Elf Conjurer.
Sif Muna whispers: I know many secrets...
Press ? for a list of commands and other information.
Are you sure you want to abandon this character and quit the game? (Confirm with "yes".)

.....
....
....
#..#
#..#
#..+
+..#
#@.#
#..#
#..#
+...
#+###


There were no monsters in sight!

Action                   |  1- 3 |  4- 6 |  7- 9 | 10-12 || total
-------------------------+-------+-------+-------+-------++-------
Melee: Dagger            |       |       |     2 |       ||     2
       Short sword       |       |       |       |     1 ||     1
 Cast: Magic Dart        |    33 |    29 |   214 |    76 ||   352
       Searing Ray       |     3 |     6 |    19 |     3 ||    31
       Iskenderun's Batt |       |     1 |    21 |    16 ||    38
       Iskenderun's Myst |       |       |    27 |    22 ||    49
  Use: Scroll            |       |       |    12 |     3 ||    15
       Potion            |       |       |     1 |       ||     1
  Eat: Bread ration      |     1 |       |       |       ||     1
       Chunk             |       |       |    18 |     5 ||    23
       Meat ration       |       |       |     1 |     1 ||     2
       Beef jerky        |       |       |     1 |       ||     1
Armor: Robe              |     2 |     2 |    24 |     6 ||    34
Dodge: Dodged            |    11 |    10 |    67 |    20 ||   108

Notes
Turn   | Place    | Note
-------+----------+-------------------------------------------
     0 | D:1      | Duffy the Deep Elf Conjurer began the quest for the Orb.
     0 | D:1      | Reached XP level 1. HP: 10/10 MP: 6/6
   206 | D:1      | Reached XP level 2. HP: 15/15 MP: 3/8
   210 | D:1      | Learned a level 2 spell: Searing Ray
   515 | D:1      | Reached skill level 4 in Spellcasting
   977 | D:2      | Noticed Sigmund
   984 | D:1      | Reached XP level 3. HP: 19/19 MP: 6/10
  1468 | D:2      | Killed Sigmund
  1468 | D:2      | Reached skill level 5 in Spellcasting
  1468 | D:2      | Reached skill level 6 in Conjurations
  1468 | D:2      | Reached XP level 4. HP: 8/24 MP: 4/13
  1468 | D:2      | Reached XP level 5. HP: 9/28 MP: 4/15
  1684 | D:1      | Learned a level 5 spell: Iskenderun's Battlesphere
  1689 | D:1      | Learned a level 4 spell: Iskenderun's Mystic Blast
  1706 | D:2      | Reached skill level 6 in Spellcasting
  1961 | D:3      | Found an oddly glowing altar of Pakellas.
  1962 | D:3      | Noticed a deep elf annihilator
  1966 | D:3      | Killed a deep elf annihilator
  1986 | D:3      | Reached skill level 1 in Charms
  2135 | D:3      | Reached XP level 6. HP: 32/32 MP: 13/17
  2177 | D:4      | Noticed p0werm0de's ghost (novice DsAM)
  2185 | D:4      | Killed p0werm0de's ghost
  2185 | D:4      | Reached skill level 7 in Spellcasting
  2185 | D:4      | Reached skill level 4 in Charms
  2185 | D:4      | Reached XP level 7. HP: 36/36 MP: 6/19
  2341 | D:4      | Reached skill level 7 in Conjurations
  2443 | D:4      | Noticed Menkaure
  2452 | D:4      | Killed Menkaure
  2452 | D:4      | Reached skill level 5 in Charms
  2772 | D:4      | Reached skill level 8 in Spellcasting
  2840 | D:4      | Found a shattered altar of Ashenzari.
  2971 | D:5      | Entered Level 5 of the Dungeon
  3236 | D:5      | Found a staircase to the Ecumenical Temple.
  3256 | Temple   | Entered the Ecumenical Temple
  3470 | Temple   | Became a worshipper of Sif Muna the Loreminder
  3951 | D:3      | Found an ancient bone altar of Kikubaaqudgha.
  3951 | D:3      | Found a stormy altar of Qazlal.
  3952 | D:3      | Found a glowing golden altar of the Shining One.
  3978 | D:3      | Found a shimmering altar of Xom.
  4327 | D:2      | Reached XP level 8. HP: 41/41 MP: 17/22
  5170 | D:5      | Noticed Eustachio
  5179 | D:5      | Killed Eustachio
  5179 | D:5      | Reached skill level 9 in Spellcasting
  5179 | D:5      | Reached skill level 8 in Conjurations
  5284 | D:5      | Noticed Pikel
  5292 | D:5      | Killed Pikel
  5292 | D:5      | Reached * piety under Sif Muna
  5292 | D:5      | Reached skill level 10 in Spellcasting
  5292 | D:5      | Reached skill level 9 in Conjurations
  5368 | D:5      | Found a shimmering altar of Xom.
  6316 | D:6      | Reached skill level 10 in Conjurations
  6316 | D:6      | Reached XP level 9. HP: 43/45 MP: 7/25
  6453 | D:6      | Reached ** piety under Sif Muna
  7011 | D:6      | Reached skill level 3 in Dodging
  7049 | D:6      | Reached skill level 1 in Fighting
  7281 | D:7      | Reached skill level 2 in Fighting
  7281 | D:7      | Reached skill level 4 in Dodging
  7443 | D:7      | Gained mutation: Your spells are a little harder to cast, but a little more powerful. [potion of beneficial mutation]
  7638 | D:7      | Noticed a troll
  7643 | D:7      | Killed a troll
  7643 | D:7      | Reached skill level 3 in Fighting
  7643 | D:7      | Reached skill level 5 in Dodging
  7858 | D:7      | Noticed Joseph
  7888 | D:7      | Killed Joseph
  7888 | D:7      | Reached skill level 6 in Dodging
  8147 | D:7      | Found a radiant altar of Vehumet.
  8152 | D:7      | Reached skill level 4 in Fighting
  9013 | D:8      | Reached XP level 10. HP: 58/58 MP: 17/26
  9082 | D:8      | Reached skill level 7 in Dodging
  9598 | D:8      | Found a white marble altar of Elyvilon.
  9659 | D:8      | Found an oddly glowing altar of Pakellas.
  9690 | D:8      | Got a jewelled spear
  9691 | D:8      | Identified the +1 spear of Cyinoll {drain, rElec Str+3 Int-2} (You found it on level 8 of the Dungeon)
  9718 | D:8      | Found a basalt altar of Yredelemnul.
  9765 | D:8      | Noticed Erica
  9787 | D:7      | Killed Erica
  9787 | D:7      | Reached skill level 5 in Fighting
  9787 | D:7      | Reached skill level 8 in Dodging
 10848 | D:9      | Reached skill level 6 in Fighting
 10986 | D:9      | Reached skill level 9 in Dodging
 11794 | D:10     | Entered Level 10 of the Dungeon
 11795 | D:10     | Quit the game

Skill      XL: |  1  2  3  4  5  6  7  8  9 10 |
---------------+-------------------------------+-----
Spellcasting   | 4 5 6 7 8 10 | 10.2
Conjurations   | 6 7 10 | 10.5
Charms         | 1 4 5 |  5.0
Dodging        | 6 9 |  9.6
Fighting       | 4 6 |  6.5
Stealth        | |  2.4

Vault maps used:
D:1:      saegor_arrival_simple_e, minivault_4
D:2:      serial_undead, serial_undead_a, serial_undead_a, serial_undead_f,
          serial_undead_f, first_bread, uniq_sigmund
D:3:      nicolae_overflow_quartered_altars, gammafunk_pakellas_spire_experiment
D:4:      ashenzari_altar_1, uniq_menkaure
D:5:      xom_confusion_cloud, uniq_pikel, uniq_eustachio
D:7:      vehumet_altar_wand_db, uniq_joseph
D:8:      kennysheep_ying_yang, kennysheep_mini, grunt_ogre_cave, uniq_erica
D:10:     minmay_statue_hallways, orc_0_dummy, enter_trove_3,
          kennysheep_generic_room_15, uniq_harold, uniq_josephine
Temple:   eino_temple_water

Vanquished Creatures
  A deep elf annihilator Erica Pikel Joseph
  The ghost of p0werm0de the Fighter, a novice DsAM
  3 trolls Sigmund Eustachio Menkaure
  A water moccasin
  3 orc warriors
  3 black bears
  An ice beast
  2 slaves
  4 sky beasts
  4 ogres
  5 centaurs
  2 big kobolds
  5 giant frogs
  A gnoll sergeant
  A water moccasin zombie
  4 scorpions
  7 killer bees
  5 crimson imps
  4 howler monkeys
  A giant frog zombie
  A hound
  3 orc priests
  A jelly
  An iguana
  8 orc wizards
  2 worker ants
  A howler monkey zombie
  2 worker ant zombies
  11 gnolls
  17 adders
  A howler monkey skeleton
  5 shadow imps
  An ooze
  A worm
  A dart slug
  9 giant geckos
  29 orcs
  A bat skeleton
  A bat zombie
  5 giant cockroaches
  6 goblins
  8 hobgoblins
  15 jackals
  19 kobolds
  4 quokkas
  7 bats
  A giant cockroach zombie
  A giant gecko skeleton
  3 giant newts
  A jackal zombie
  12 rats
242 creatures vanquished.
